 Dungeon Crawl Stone Soup version 0.31.0-12-g77e489cdc1 (webtiles) character file.

Game seed: 2789350835077002119

213 Marvel the Magician (level 5, -3/35 HPs)
             Began as a Mummy Necromancer on Feb 29, 2024.
             Slain by a bullfrog (4 damage)
             ... on level 5 of the Dungeon.
             The game lasted 00:06:49 (2390 turns).

Marvel the Magician (Mummy Necromancer)             Turns: 2390, Time: 00:06:50

Health: -3/35      AC:  2    Str: 11    XL:     5   Next: 59%
Magic:  0/13       EV: 12    Int: 17    God:
Gold:   138        SH:  0    Dex: 12    Spells: 14/15 levels left

rFire   x . .        e - +1 dagger
rCold   + . .        (no shield)
rNeg    + + +        a - +0 robe
rPois   ∞            (no helmet)
rElec   .            (no cloak)
rCorr   .            (no gloves)
SInv    .            (no boots)
Will    .....        b - amulet of regeneration
Stlth   ++           (no ring)
HPRegen 1.05/turn    (no ring)
MPRegen 0.13/turn

%: faith
@: no status effects
A: cold resistance 1, negative energy resistance 3, torment resistance 2, heat
vulnerability 1, in touch with death 1, no potions, faith
a: no special abilities


You were on level 5 of the Dungeon.
You visited 1 branch of the dungeon, and saw 5 of its levels.

You collected 138 gold pieces.

Inventory:

Hand Weapons
 e - a +1 dagger (weapon)
 f - a +0 dagger of freezing
Armour
 a - a +0 robe (worn)
Jewellery
 b - an amulet of regeneration (around neck)
Scrolls
 c - a scroll of identify
 d - 2 scrolls of silence


   Skills:
 + Level 1.6 Dodging
 + Level 1.6 Stealth
 + Level 5.8 Spellcasting
 + Level 5.3 Necromancy


You had 14 spell levels left.
You knew the following spells:

 Your Spells              Type           Power      Damage    Failure   Level
a - Necrotise             Necr           100%       1d9       1%          1

Your spell library contained the following spells:

 Spells                   Type           Power      Damage    Failure   Level
 Vampiric Draining        Necr           34%        2d8       4%          3
 Animate Dead             Necr           34%        N/A       14%         4
 Tukima's Dance           Hex            4%         N/A       36%         3
 Curse of Agony           Necr           34%        N/A       38%         5
 Dimensional Bullseye     Hex/Tloc       2%         N/A       78%         4
 Ignite Poison            Fire/Alch      4%         N/A       78%         4
 Iskenderun's Mystic Bla  Conj/Tloc      4%         2d3       78%         4
 Sticky Flame             Fire/Alch      4%         2d4       78%         4
 Ignition                 Fire           2%         3d3       100%        8


Dungeon Overview and Level Annotations

Branches:
Dungeon (6/15)
 Temple: D:4-7

Altars:


Innate Abilities, Weirdness & Mutations

You are immune to poison.
Your flesh is cold resistant. (rC+)
You are immune to negative energy. (rN+++)
You are immune to unholy pain and torment.
You are vulnerable to heat. (rF-)
You are in touch with the powers of death.
You do not drink.
You have a special connection with the divine. (Faith)


Message History

The bullfrog closely misses you.
The bullfrog hits you but does no damage.
The orc closely misses you.
There is a stone staircase leading up here.
The bullfrog hits you. The orc hits you with a +0 dagger.
You climb upwards.
There is a stone staircase leading down here.
The bullfrog misses you.
Aiming: Necrotise (safe; 1% risk of failure)
Press: ? - help, Q - select action Shift-Dir - straight line, f - bullfrog
Aim: a bullfrog (chance to affect: 83%)
You feel a surge of power!
The bullfrog barely resists.
The bullfrog completely misses you.
Aiming: Necrotise (safe; 1% risk of failure)
Press: ? - help, Q - select action Shift-Dir - straight line, f/p - bullfrog
Aim: a bullfrog (chance to affect: 83%)
You feel a surge of power!
The bullfrog barely resists.
The bullfrog hits you! x2
* * * LOW HITPOINT WARNING * * *
Aiming: Necrotise (safe; 1% risk of failure)
Press: ? - help, Q - select action Shift-Dir - straight line, f/p - bullfrog
Aim: a bullfrog (chance to affect: 83%)
You feel a surge of power!
The bullfrog writhes in agony.
The bullfrog barely misses you.
You closely miss the bullfrog.
The bullfrog is moderately wounded.
The bullfrog hits you.
* * * LOW HITPOINT WARNING * * *
The bullfrog closely misses you.
You hit the bullfrog.
The bullfrog is moderately wounded.
The bullfrog misses you.
Aiming: Necrotise (safe; 1% risk of failure)
Press: ? - help, Q - select action Shift-Dir - straight line, f/p - bullfrog
Aim: a bullfrog (moderately wounded, chance to affect: 83%)
You feel a surge of power!
The bullfrog writhes in agony.
The bullfrog hits you.
* * * LOW HITPOINT WARNING * * *
The bullfrog hits you.
You die...

##.......
#.......#
#.......#
#.......#
#.......#
#.......+
#.o.....#
#F# #@#
#+#


You could see a bullfrog and an orc.

Vanquished Creatures
  A kobold brigand (D:6)
  An iguana (D:6)
  A sleepcap (D:6)
  Terence (D:2)
  A ribbon worm (D:2)
  4 dart slugs
  2 bats (D:2)
  5 endoplasms
  5 giant cockroaches
  5 hobgoblins
  4 jackals (D:3)
  2 quokkas (D:2)
  5 ball pythons
  3 frilled lizards (D:1)
  5 goblins
  7 kobolds
  4 rats
56 creatures vanquished.

Vanquished Creatures (collateral kills)
  An endoplasm (D:1)
  A ball python (D:1)
  A frilled lizard (D:1)
3 creatures vanquished.

Grand Total: 59 creatures vanquished

Notes
Turn   | Place    | Note
-------+----------+-------------------------------------------
     0 | D:1      | Marvel the Mummy Necromancer began the quest for the Orb.
     0 | D:1      | Reached XP level 1. HP: 13/13 MP: 4/4
   273 | D:1      | Reached XP level 2. HP: 19/19 MP: 3/5
   963 | D:1      | Reached XP level 3. HP: 24/24 MP: 4/7
  1194 | D:2      | Noticed Terence
  1680 | D:2      | Killed Terence
  1681 | D:2      | Reached skill level 5 in Necromancy
  1681 | D:2      | Reached XP level 4. HP: 30/30 MP: 5/10
  1826 | D:2      | Found a faded altar of an unknown god.
  2314 | D:3      | You fall into a shaft and drop 3 floors!
  2315 | D:6      | Noticed a scorpion
  2316 | D:6      | Noticed a bullfrog
  2318 | D:6      | Noticed a kobold brigand
  2326 | D:6      | Killed a kobold brigand
  2327 | D:6      | Reached skill level 5 in Spellcasting
  2327 | D:6      | Reached XP level 5. HP: 35/35 MP: 3/12
  2359 | D:6      | HP: 1/35 [iguana (4)]
  2383 | D:5      | Entered Level 5 of the Dungeon
  2390 | D:5      | HP: 1/35 [bullfrog (6)]
  2390 | D:5      | Slain by a bullfrog

Illustrated notes

Levels and vault maps discovered:
D:1:      minmay_arrival_hallway, layout_basic, hangedman_abyss_or_decor_stabs
D:2:      layout_basic, dreamdust_ecumenical_altar_statues, grunt_ministairs_8,
          kennysheep_generic_room_6, uniq_terence
D:3:      layout_basic, serial_aquarium, aquarium_bridge_square
          [aquarium_subvault_wall, aquarium_subvault_bridge,
          aquarium_subvault_balcony, aquarium_subvault_window],
          aquarium_bridge_straight [aquarium_subvault_bridge,
          aquarium_subvault_balcony, aquarium_subvault_bridge,
          aquarium_subvault_window], aquarium_window_1, aquarium_window_2,
          aquarium_view_2c, aquarium_view_2c, aquarium_balcony_3b,
          aquarium_pool_2
D:5:      layout_basic, lemuel_round_altar, minmay_temple_entry_trees
D:6:      layout_cave_pools, dreamdust_wishing_well, minmay_circle_x

Skill      XL: |  1  2  3  4 |
---------------+-------------+-----
Spellcasting   | 3 4 5 |  5.8
Necromancy     | 5 |  5.3
Dodging        | |  1.6
Stealth        | |  1.6

Action                     |  1- 3 |  4- 6 || total
---------------------------+-------+-------++-------
  Melee: Unarmed           |     9 |       ||     9
         Dagger            |       |    21 ||    21
   Cast: Necrotise         |    65 |    35 ||   100
    Use: Scroll            |       |     3 ||     3
   Stab: Sleeping          |     1 |       ||     1
 Armour: Robe              |    14 |    25 ||    39
  Dodge: Dodged            |    15 |    20 ||    35
